Map: Turbo Cruise '84 LE

Players

Iris - Winner!

  • Race: Zerg Zerg
  • League: Silver
  • Spawn Location: 7:00

TiPtOP

  • Race: Terran Terran
  • League: Silver
  • Spawn Location: 3:00

VOD

Have the link to the VOD?

Description

Time

  • Played on: Aug. 18, 2019, 4:10 a.m.
  • Length: 15:03
Show
View Real Time Build Order
Export as new Build Order

Iris Zerg - Winner!

Build Orders: Hatch First 

Get SALT Encoding   

  12  0:12  Overlord  
  12  0:13  Drone  
  13  0:23  Drone  
  14  0:32  Drone  
  14  0:35  Drone  
  16  0:48  Drone  
  17  0:59  Drone  
  17  1:00  Hatchery  
  17  1:08  Drone  
  18  1:18  Spawning Pool  
  17  1:20  Drone  
  18  1:29  Drone  
  19  1:35  Extractor  
  19  1:38  Extractor  
  17  1:40  Drone  
  18  1:53  Drone  
  19  2:03  Overlord, Hatchery  
  18  2:11  Drone  
  19  2:17  Drone  
  20  2:26  Zergling x2  
  20  2:28  Queen  
  23  2:45  Lair  
  23  2:46  Zergling x2  
  23  2:47  Zergling x2  
  25  3:01  Zergling x2  
  25  3:04  Drone  
  27  3:09  Drone x2  
  29  3:13  Zergling x2  
  30  3:21  Drone  
  30  3:24  Drone  
  32  3:28  Drone  
  32  3:29  Drone  
  32  3:30  Overlord  
  34  3:42  Overlord  
  34  3:48  Queen  
  34  3:53  Hydralisk Den  
  35  3:55  Nydus Network  
  35  4:01  Drone x2  
  35  4:02  Drone  
  37  4:13  Drone x3  
  37  4:16  Drone  
  41  4:27  Hydralisk  
  41  4:30  Drone  
  41  4:31  Drone  
  45  4:39  Nydus Canal  
  45  4:43  Drone  
  46  4:46  Extractor  
  46  4:49  Zergling x4, Drone, Extractor  
  46  4:52  Drone x2  
  49  4:55  Grooved Spines  
  49  4:56  Metabolic Boost  
  49  5:00  Drone  
  49  5:02  Overlord x2  
  49  5:06  Nydus Canal  
  50  5:09  Overlord  
  50  5:25  Infestation Pit  
  49  5:29  Drone x3, Spore Crawler  
  51  5:38  Hydralisk x3  
  51  5:40  Queen  
  59  5:44  Hydralisk, Burrow  
  61  5:50  Zergling x4  
  61  5:56  Drone x4  
  67  5:59  Drone  
  68  6:09  Drone  
  68  6:10  Drone x4  
  73  6:18  Muscular Augments  
  73  6:26  Overlord x2  
  73  6:33  Overlord  
  73  6:44  Pneumatized Carapace  
  73  6:45  Overseer  
  73  6:50  Overseer  
  73  6:56  Drone x2, Hatchery, Hydralisk x2  
  73  6:58  Extractor  
  73  7:00  Hydralisk  
  73  7:01  Hydralisk x2, Extractor  
  79  7:05  Overseer  
  82  7:13  Hydralisk  
  82  7:14  Hydralisk x2  
  88  7:22  Drone x3  
  91  7:27  Hive  
  91  7:28  Drone x2  
  93  7:35  Drone x3  
  93  7:36  Hydralisk  
  98  7:40  Overseer  
  98  7:45  Overlord x2  
  98  7:47  Overlord  
  98  8:05  Hydralisk x4  
  98  8:06  Hydralisk x2  
  110  8:15  Drone x4  
  110  8:16  Drone  
  110  8:17  Queen  
  117  8:32  Infestation Pit  
  117  8:33  Spore Crawler  
  115  8:37  Hydralisk x2  
  115  8:38  Hydralisk  
  121  8:42  Hydralisk x3  
  121  8:47  Adrenal Glands  
  127  8:53  Evolution Chamber  
  126  8:55  Evolution Chamber  
  126  8:57  Nydus Network  
  126  8:58  Hydralisk  
  126  9:00  Zergling x2  
  126  9:01  Zergling x2  
  128  9:15  Extractor x2  
  126  9:18  Drone x2  
  128  9:42  Overlord x6  
  128  9:53  Zerg Ground Armor Level 1, Zerg Missile Weapons Level 1  
  128  10:00  Evolution Chamber  
  128  10:02  Nydus Canal  
  128  10:03  Nydus Canal, Nydus Network  
  128  10:06  Drone x3  
  128  10:07  Drone x3  
  132  10:23  Hydralisk x5  
  142  10:32  Ultralisk Cavern  
  142  10:33  Zerg Melee Weapons Level 1  
  141  10:36  Hydralisk x5  
  141  10:37  Hydralisk x2  
  141  10:40  Zergling x4  
  157  10:48  Hydralisk x4  
  165  10:56  Drone, Hydralisk x2  
  168  10:58  Zergling x4  
  168  10:59  Zergling x8  
  168  11:02  Overlord x4  
  176  11:08  Overlord x2  
  176  11:23  Drone x6  
  182  11:31  Overseer x2  
  182  11:37  Ultralisk  
  182  11:38  Ultralisk  
  194  11:46  Chitinous Plating  
  194  12:16  Ultralisk  
  194  12:21  Nydus Canal  
  200  12:24  Nydus Canal  
  200  12:28  Nydus Canal  
  162  13:03  Hatchery  
  162  13:04  Anabolic Synthesis  
  123  13:13  Ultralisk x4  
  123  13:14  Ultralisk  
  123  13:15  Hatchery, Hydralisk x2  
  150  13:21  Nydus Canal  
  150  13:23  Nydus Canal  
  150  13:26  Nydus Canal  
  131  13:44  Hydralisk  
  115  13:54  Nydus Canal  
  111  13:57  Nydus Canal  
Show
View Real Time Build Order
Export as new Build Order

TiPtOP Terran 

Build Orders: Mech 

Get SALT Encoding   

  12  0:01  SCV  
  13  0:13  SCV  
  14  0:18  Supply Depot  
  14  0:25  SCV  
  15  0:40  SCV  
  16  0:42  Barracks  
  16  0:50  Refinery  
  16  0:52  SCV  
  17  1:05  SCV  
  18  1:17  SCV  
  19  1:29  SCV  
  19  1:30  Marine  
  19  1:31  Supply Depot  
  21  1:43  Orbital Command  
  21  1:56  Command Center  
  21  2:04  Barracks Tech Lab  
  21  2:15  Factory  
  21  2:31  SCV  
  22  2:46  SCV  
  23  2:52  Refinery  
  23  3:12  SCV x2  
  24  3:27  Orbital Command  
  24  3:29  SCV  
  25  3:41  Factory, SCV  
  25  3:47  Siege Tank  
  25  3:48  Factory  
  29  3:55  Supply Depot  
  29  4:06  SCV  
  30  4:11  SCV  
  31  4:17  Supply Depot  
  31  4:21  Command Center  
  31  4:25  Engineering Bay  
  31  4:27  Armory  
  31  4:30  SCV x2  
  33  4:37  Factory Reactor  
  33  4:44  Supply Depot  
  33  4:45  Supply Depot  
  33  4:47  SCV x2  
  33  4:51  Factory Tech Lab  
  35  4:59  SCV x2  
  37  5:11  SCV x2  
  37  5:12  Refinery  
  39  5:14  Siege Tank  
  39  5:15  Siege Tank  
  39  5:19  Hellion x2  
  49  5:23  SCV  
  50  5:31  SCV  
  50  5:33  Missile Turret  
  51  5:36  SCV  
  54  5:43  Hellion x2  
  56  6:04  Thor x2  
  62  6:06  Hellbat x2  
  72  6:16  Refinery, SCV x3  
  75  6:27  Hellbat  
  75  6:28  SCV  
  78  6:38  Supply Depot  
  78  6:39  Supply Depot  
  78  6:40  SCV  
  78  6:41  Supply Depot  
  78  6:43  Hellion, Supply Depot  
  78  6:46  Thor  
  78  6:47  Hellion, Terran Vehicle Weapons Level 1  
  85  7:20  Refinery  
  85  7:24  Refinery  
  85  7:26  Thor  
  85  7:27  Hellbat  
  85  7:28  Hellbat  
  85  7:29  Thor  
  101  7:41  Orbital Command  
  101  7:49  Hellion  
  103  7:57  SCV x2  
  105  8:09  SCV x2  
  105  8:10  Thor  
  105  8:11  Hellion x2  
  105  8:12  Thor  
  123  8:20  SCV  
  123  8:21  SCV  
  125  8:37  Supply Depot x2  
  125  8:38  Supply Depot  
  125  8:41  Supply Depot  
  125  8:43  Supply Depot  
  125  8:44  Command Center  
  125  8:45  Terran Vehicle And Ship Armor Level 1  
  125  8:53  Hellion x3  
  125  8:58  SCV x3  
  128  9:04  Infernal Pre-Igniter  
  128  9:10  SCV  
  129  9:35  Factory  
  129  9:36  Factory  
  129  9:42  Factory  
  129  9:54  Thor x2  
  129  9:55  Hellbat x2  
  129  9:56  Supply Depot  
  129  9:57  Factory  
  145  10:05  Armory  
  145  10:17  Hellion  
  145  10:18  Supply Depot  
  147  10:29  Supply Depot  
  147  10:30  Supply Depot  
  147  10:34  Supply Depot  
  147  10:37  Thor x2  
  147  10:42  Missile Turret, Command Center x2  
  159  10:43  Missile Turret  
  159  10:54  Missile Turret  
  159  11:01  Factory Tech Lab  
  159  11:02  Factory Reactor  
  159  11:06  Factory Reactor  
  159  11:07  Hellbat  
  159  11:08  Hellbat  
  163  11:20  Thor, Hellbat  
  163  11:24  SCV  
  172  11:26  Hellion  
  172  11:31  Hellion  
  172  11:36  SCV  
  173  11:41  Thor  
  179  11:48  SCV  
  180  12:04  Factory Tech Lab  
  180  12:12  Missile Turret  
  180  12:13  Hi-Sec Auto Tracking  
  180  12:18  Orbital Command  
  180  12:25  Thor x2, Hellbat x4  
  148  13:01  Planetary Fortress  
  128  13:23  Planetary Fortress  
  124  13:29  Refinery  
Tags
 
Add a new tag
Caveats
  • Supply blocks, unpowered buildings, or Contaminate may cause inaccurate times.
  • Supply counts are checked every 10 seconds.